cohdb
Replays
Latest Replays
All Replays
Popular Replays
Top Player Replays
Match Explorer
How It Works
Community
CoH3 Stats
Reddit
Sign in to upload your games and track your stats! →
Sign in with Steam
Match 45286143
Unlisted
Match 45286143
Overview
Messages
Build Orders
End
250 Light Carrier
Panzerpioneer Squad
Selects Italian Infantry
250 Light Carrier
Construct Light Support Kompanie
Assault Grenadier Squad
Advanced Field Repairs
Construct Mechanized Kompanie
Selects L6/40 Light Tank Combat Group
Selects Guastatori Squad
Guastatori Squad
Guastatori Squad
2.5-tonne Medical Truck
Guastatori Squad
Veteran Squad Leaders
Construct Panzerarmee Kommand
Selects Towed Cannone da 105/28 Field Howitzer
Armored Reserves
StuG Assault Group
Selects Sound the Alarm
Selects Territory Booby Traps
Selects Obice 305mm Barrage
Tiger Heavy Tank
2.5-tonne Medical Truck
Marder III Tank Destroyer
Marder III Tank Destroyer
CommieRed
Zergvoss
Thank You Chef
Kray-Tos
CommanderCrunchBerrie
MDD-jiang
JHH
Mexidankus Bartholemewl
0
0
Comments
sign in to comment!
No comments posted yet!